 Dungeon Crawl Stone Soup version 0.24.0-1-gfbc8707122 (webtiles) character file.

Game seed: 13326479914348728986, levelgen mode: deterministic

13701 Chiseanne the Spear-Bearer (level 12, -6/77 (78) HPs)
             Began as a Merfolk Enchanter on Oct 26, 2019.
             Was an Elder of Dithmenos.
             Mangled by a stone giant (32 damage)
             ... on level 1 of the Orcish Mines.
             The game lasted 01:13:19 (13694 turns).

Chiseanne the Spear-Bearer (Merfolk Enchanter)     Turns: 13694, Time: 01:13:20

HP:   -6/77 (78)    AC: 14    Str:  8    XL:     12   Next: 8%
MP:   0/35          EV: 14    Int: 25    God:    Dithmenos [****..]
Gold: 500           SH:  0    Dex: 17    Spells: 19/30 levels left

rFire    + . .     SeeInvis .   a - +3 trident (venom)
rCold    . . .     Gourm    .   (no shield)
rNeg     . . .     Faith    .   A - +1 troll leather armour
rPois    .         Spirit   .   i - +3 hat of Pondering {ponderous, MR+ MP+10 Int+5}
rElec    .         Reflect  .   E - +1 cloak of Icliteto {Int+3}
rCorr    .         Harm     .   r - +0 pair of gloves
MR       +....                  k - +2 pair of boots
Stlth    ++++++....             f - amulet of rage
HPRegen  0.62/turn              n - ring of protection from fire
MPRegen  0.24/turn              (no ring)

@: wreathed by umbra, slow
A: change form in water, swift swim, stealthy swim
a: Shadow Step, Renounce Religion, Evoke Berserk Rage


You were on level 1 of the Orcish Mines.
You worshipped Dithmenos.
Dithmenos was greatly pleased with you.
You were hungry.

You visited 3 branches of the dungeon, and saw 14 of its levels.

You collected 500 gold pieces.

Inventory:

Hand Weapons
 a - a +3 trident of venom (weapon)
 d - a +1 halberd of protection
 s - a +3 trident of flaming
Missiles
 c - 43 sling bullets
 e - 44 stones
 h - 50 poisoned darts (quivered)
 l - 17 boomerangs
 m - 153 arrows
 t - 5 curare-tipped darts
 w - 9 bolts
Armour
 i - the +3 hat of Pondering (worn) {ponderous, MR+ MP+10 Int+5}
   (You took it off Gastronok on level 9 of the Dungeon)

   It affects your intelligence (+5).
   It affects your resistance to hostile enchantments.
   It affects your magic capacity (+10).
 k - a +2 pair of boots (worn)
 r - a +0 pair of gloves (worn)
 A - a +1 troll leather armour (worn)
 E - the +1 cloak of Icliteto (worn) {Int+3}
   (You found it on level 8 of the Dungeon)

   It affects your intelligence (+3).
 G - a +0 shield
 I - a +0 leather armour of fire resistance
Jewellery
 f - an amulet of rage (around neck)
 n - a ring of protection from fire (left hand)
Wands
 B - a wand of flame (20)
 F - a wand of disintegration (9)
 K - a wand of iceblast (5)
Scrolls
 b - 10 scrolls of identify
 g - 5 scrolls of remove curse
 j - 4 scrolls of blinking
 o - 4 scrolls of amnesia
 p - 2 scrolls of teleportation
 q - a scroll of fear
Potions
 u - a potion of flight
 x - a potion of ambrosia
 y - 3 potions of lignification
 z - 4 potions of curing
 D - a potion of mutation
 H - a potion of magic
 J - 3 potions of brilliance
 L - a potion of resistance {unknown}
Comestibles
 v - 19 rations
 C - 6 chunks of flesh


   Skills:
 - Level 2.3 Fighting
   Level 4.4 Short Blades
 * Level 10.6 Polearms
 - Level 5.3 Dodging
 * Level 10.3 Stealth
 * Level 9.9 Spellcasting
 * Level 10.5 Hexes


You had 19 spell levels left.
You knew the following spells:

 Your Spells              Type           Power        Failure   Level  Hunger
a - Confuse               Hex            ######..     1%          3    None
b - Ensorcelled Hibernat  Hex/Ice        #####.       1%          2    None
c - Tukima's Dance        Hex            ######..     1%          3    None
d - Dazzling Spray        Conj/Hex       #####.       2%          3    None

Your spell library contained the following spells:

 Spells                   Type           Power        Failure   Level  Hunger
 Confusing Touch          Hex            ######       1%          1    None
 Corona                   Hex            ######.      1%          1    None
 Magic Dart               Conj           ##..         8%          1    None
 Gell's Gravitas          Tloc           ##........   22%         3    None
 Metabolic Englaciation   Hex/Ice        #####.....   22%         5    ####...
 Yara's Violent Unravell  Hex/Tmut       #####.....   22%         5    ####...
 Petrify                  Tmut/Erth      ##......     58%         4    #......


Dungeon Overview and Level Annotations

Branches:
Dungeon (12/15)            Temple (1/1) D:7            Lair (0/6) D:9
    Orc (1/2) D:12

Altars:
Ashenzari
Cheibriados
Dithmenos
Elyvilon
Fedhas
Gozag
Hepliaklqana
Kikubaaqudgha
Makhleb
Nemelex Xobeh
Okawaru
Qazlal
Ru
Sif Muna
Trog
Uskayaw
Vehumet
Wu Jian
Xom
Yredelemnul
Zin
The Shining One

Shops:
D:6 :   Orc:1 }

Annotations:
D:5 exclusion: statue


Message History

You hit the stone giant but do no damage.
The stone giant looks as sick as possible!
The stone giant is severely wounded.
The stone giant barely misses you.
Casting: Tukima's Dance (safe; 1% risk of failure)
Confirm with . or Enter, or press ? or * to list all spells.
Aiming: Confuse (safe; 1% risk of failure)
Press: ? - help, Shift-Dir - straight line, f/p - stone giant
Aim: a stone giant (severely wounded, poisoned, umbra, chance to defeat MR: 26%)
The stone giant easily resists.
The stone giant barely misses you.
Evoke which item? (* to show all) (? for menu, Esc to quit)
Aiming: Disintegrate
Press: ? - help, Shift-Dir - straight line, f/p - stone giant
Aim: a stone giant (severely wounded, poisoned, umbra, chance to defeat MR: 16%)
The stone giant resists with almost no effort.
The stone giant misses you.
You hit the stone giant but do no damage.
The stone giant is severely wounded.
The stone giant hits you!!
You die...

##.#.....##.#..∩.....$.$$.
#............#............
............#......)..)...
#....#..........#..†#)....
#....##..........#).(.#.#.
.#....#...#....)..##.#.#
.............#†)$.#####...
.#...........#)C########..
.........>......@##.÷##...
................#######..#
#......##.......$######...
........#......##.###....#
#......##...... .#...$.##
##......##..#.. .#####
#####$ .. .##


You could see a stone giant.

Vanquished Creatures
  Gastronok (D:9)
  A two-headed ogre (Orc:1)
  A wizard (D:11)
  2 unseen horrors
  An ugly thing (D:11)
  2 trolls
  A hornet (D:10)
  4 slime creatures (D:12)
  Prince Ribbit (D:8)
  2 hippogriffs
  11 yaks
  2 wyverns
  Eustachio (D:5)
  A soldier ant (D:12)
  3 ice beasts
  3 orc warriors
  3 phantoms
  2 black bears
  A hornet zombie (D:8)
  A necrophage (D:8)
  A sky beast (D:8)
  2 ogres
  3 centaurs
  2 crocodiles
  2 big kobolds
  6 bullfrogs
  2 gnoll sergeants
  2 scorpions
  A water moccasin skeleton (D:5)
  3 killer bees (D:12)
  2 wights (D:11)
  3 howler monkeys (D:12)
  3 crimson imps
  3 bullfrog zombies
  2 jellies
  A quasit (D:9)
  5 orc priests
  A centaur zombie (D:9)
  7 hounds
  2 bullfrog skeletons
  10 orc wizards
  8 worker ants
  2 iguanas
  A hound skeleton (D:10)
  8 gnolls
  8 adders
  3 river rats (D:7)
  2 shadow imps
  An adder zombie (D:5)
  2 worms (D:1)
  3 leopard geckos
  35 orcs
  5 bats
  3 giant cockroaches
  2 goblins (D:2)
  7 hobgoblins
  6 jackals
  A ball python zombie (D:5)
  3 frilled lizards
  A jackal skeleton (D:5)
  17 kobolds
  A quokka zombie (D:10)
  2 rats (D:1)
  A plant (D:7)
229 creatures vanquished.

Vanquished Creatures (collateral kills)
  An ogre mage (Orc:1)
  2 two-headed ogres (Orc:1)
  A deep elf mage (D:12)
  A gargoyle (D:11)
  5 ogres
  2 wights (D:11)
  An orc wizard (D:11)
  4 gnolls
  A shadow imp (D:10)
  10 orcs
  A kobold (D:12)
29 creatures vanquished.

Vanquished Creatures (others)
  A two-headed ogre (Orc:1)
  7 dancing weapons
  7 plants (D:7)
15 creatures vanquished.

Grand Total: 273 creatures vanquished

Notes
Turn   | Place    | Note
-------+----------+-------------------------------------------
     0 | D:1      | Chiseanne the Merfolk Enchanter began the quest for the
                  | Orb.
     0 | D:1      | Reached XP level 1. HP: 13/13 MP: 3/3
   290 | D:1      | Reached XP level 2. HP: 9/19 MP: 3/5
   589 | D:1      | Learned a level 2 spell: Ensorcelled Hibernation
   811 | D:1      | Reached XP level 3. HP: 7/24 MP: 0/6
  1054 | D:1      | Learned a level 3 spell: Confuse
  1465 | D:4      | Reached XP level 4. HP: 23/30 MP: 0/7
  1545 | D:4      | Noticed an ice beast
  2031 | D:4      | Learned a level 3 spell: Tukima's Dance
  2298 | D:5      | Entered Level 5 of the Dungeon
  2397 | D:5      | Found a radiant altar of Vehumet.
  2397 | D:5      | Noticed a charred statue
  2442 | D:5      | Noticed Eustachio
  2465 | D:5      | Killed Eustachio
  2465 | D:5      | Reached XP level 5. HP: 9/35 MP: 3/9
  2641 | D:5      | Reached XP level 6. HP: 33/41 MP: 5/10
  2812 | D:5      | HP: 2/41 [water moccasin skeleton (4)]
  3580 | D:6      | Reached XP level 7. HP: 35/46 MP: 12/12
  3800 | D:6      | Reached skill level 5 in Hexes
  4478 | D:6      | Found Akhly Kiy's Book Shop.
  4662 | D:7      | Reached skill level 5 in Dodging
  4710 | D:7      | Reached XP level 8. HP: 26/52 MP: 15/15
  5199 | D:7      | Reached skill level 5 in Spellcasting
  5651 | D:6      | Learned a level 3 spell: Dazzling Spray
  5698 | D:7      | Reached skill level 5 in Stealth
  6038 | D:7      | Found a staircase to the Ecumenical Temple.
  6139 | Temple   | Entered the Ecumenical Temple
  6200 | Temple   | Became a worshipper of Dithmenos the Shadowed
  6256 | D:8      | Reached skill level 1 in Fighting
  6852 | D:8      | Found a shimmering blue altar of Sif Muna.
  6968 | D:8      | Identified Sif Muna's Grimoire of Combat Magic
  7097 | D:8      | Reached XP level 9. HP: 57/60 MP: 3/18
  7208 | D:8      | Noticed Prince Ribbit
  7216 | D:8      | Killed Prince Ribbit
  7588 | D:8      | Got an ancient cloak
  7595 | D:8      | Identified the +1 cloak of Icliteto {Int+3} (You found it
                  | on level 8 of the Dungeon)
  7655 | D:8      | Reached skill level 1 in Polearms
  7770 | D:9      | Noticed Gastronok
  8042 | D:9      | Found a staircase to the Lair.
  8042 | D:9      | Noticed a death yak
  8135 | D:8      | Reached * piety under Dithmenos
  8833 | D:9      | Killed Gastronok
  8833 | D:9      | Reached XP level 10. HP: 7/66 MP: 10/21
  8875 | D:9      | HP: 3/66 [crocodile (6)]
 10069 | D:10     | Entered Level 10 of the Dungeon
 10505 | D:10     | Reached ** piety under Dithmenos
 10585 | D:10     | Reached XP level 11. HP: 22/71 MP: 16/23
 10693 | D:10     | Paralysed by a hornet for 2 turns
 11172 | D:11     | Killed an unseen horror
 11429 | D:11     | Noticed a cyan ugly thing
 11450 | D:11     | Killed a cyan ugly thing
 12149 | D:11     | Noticed a wizard
 12166 | D:11     | Killed a wizard
 12427 | D:12     | Reached skill level 10 in Hexes
 12447 | D:12     | Noticed a deep elf mage
 12457 | D:12     | Reached *** piety under Dithmenos
 12484 | D:12     | Killed a deep elf mage
 12577 | D:12     | Reached skill level 10 in Stealth
 12672 | D:12     | Killed an unseen horror
 12672 | D:12     | Reached skill level 10 in Polearms
 13014 | D:12     | Noticed a six-headed hydra
 13227 | D:12     | Found a staircase to the Orcish Mines.
 13563 | Orc:1    | Entered Level 1 of the Orcish Mines
 13631 | Orc:1    | Found Luyjaex's Gadget Emporium.
 13653 | Orc:1    | Noticed a two-headed ogre
 13653 | Orc:1    | Noticed a two-headed ogre
 13653 | Orc:1    | Noticed a two-headed ogre
 13656 | Orc:1    | Noticed an ogre mage
 13660 | Orc:1    | Noticed a two-headed ogre
 13661 | Orc:1    | Killed an ogre mage
 13665 | Orc:1    | Noticed a stone giant
 13666 | Orc:1    | Killed a two-headed ogre
 13666 | Orc:1    | Reached **** piety under Dithmenos
 13668 | Orc:1    | Killed a two-headed ogre
 13668 | Orc:1    | Reached XP level 12. HP: 61/77 MP: 16/25
 13669 | Orc:1    | Killed a two-headed ogre
 13674 | Orc:1    | Killed a two-headed ogre
 13694 | Orc:1    | Mangled by a stone giant

Levels and vault maps discovered:
D:1:      dpeg_arrival_rhombi, layout_loops_ring, xom_teletrap_fun
D:2:      layout_basic, first_ration
D:3:      layout_loops_corners, chequers_ecumenical_altar_lobes,
          lemuel_flame_loot_1, uniq_ijyb
D:4:      layout_gridville
D:5:      layout_rooms, vehumet_statue, uniq_eustachio
D:6:      layout_gridville, serial_shops, shop
D:7:      wad_woods_settlement, layout_cave_pods, temple_statues
D:8:      layout_basic, led_sif_book, uniq_prince_ribbit1
D:9:      layout_rooms, david_lair_generic, hangedman_fish_farm,
          minmay_misc_feat_ornament, uniq_gastronok
D:10:     layout_long_grid
D:11:     layout_loops_ring, minmay_librarian
D:12:     layout_irregular_city, orc_0_dummy, lemuel_nasty_fountain
Temple:   dpeg_three_leaves_temple
Orc:1:    layout_caves, serial_shops, shop, mumra_transporter_accident

Skill      XL: |  1  2  3  4  5  6  7  8  9 10 11 |
---------------+----------------------------------+-----
Dodging        | 3 4 5 |  5.3
Short Blades   | 2 4 |  4.4
Spellcasting   | 3 4 6 7 8 9 |  9.9
Hexes          | 4 5 6 8 9 10 | 10.5
Stealth        | 4 5 7 8 10 | 10.3
Fighting       | 2 |  2.3
Polearms       | 6 8 10 | 10.6

Action                   |  1- 3 |  4- 6 |  7- 9 | 10-12 || total
-------------------------+-------+-------+-------+-------++-------
Melee: Dagger            |    40 |       |       |       ||    40
       Short sword       |    49 |   105 |   181 |       ||   335
       Trident           |       |       |   206 |   462 ||   668
       Halberd           |       |       |       |     5 ||     5
Throw: Stone             |     4 |       |       |       ||     4
       Dart              |       |     5 |    25 |    15 ||    45
 Cast: Corona            |    15 |     2 |       |       ||    17
       Confuse           |     3 |     8 |    68 |    80 ||   159
       Ensorcelled Hiber |       |     2 |     5 |    14 ||    21
       Tukima's Dance    |       |       |    25 |    36 ||    61
       Dazzling Spray    |       |       |     2 |       ||     2
Evoke: Wand              |       |       |    11 |     6 ||    17
  Use: Scroll            |     5 |     5 |     6 |    12 ||    28
       Potion            |       |     2 |     4 |     1 ||     7
 Stab: Sleeping          |     5 |     4 |     4 |    22 ||    35
       Confused          |     2 |     1 |    34 |    54 ||    91
       Distracted        |       |       |     1 |       ||     1
       Invisible         |       |       |     1 |       ||     1
  Eat: Chunk             |     2 |     8 |    19 |    13 ||    42
       Ration            |       |       |     1 |     1 ||     2
Armor: Robe              |     7 |    17 |    80 |     3 ||   107
       Skin              |       |       |    24 |       ||    24
       Leather armour    |       |       |       |    16 ||    16
       Troll leather arm |       |       |       |   124 ||   124
Dodge: Dodged            |    78 |    62 |   349 |   349 ||   838
